%YAML 1.1
%TAG !u! tag:unity3d.com,2011:
--- !u!114 &11400000
MonoBehaviour:
  m_ObjectHideFlags: 0
  m_CorrespondingSourceObject: {fileID: 0}
  m_PrefabInstance: {fileID: 0}
  m_PrefabAsset: {fileID: 0}
  m_GameObject: {fileID: 0}
  m_Enabled: 1
  m_EditorHideFlags: 0
  m_Script: {fileID: 11500000, guid: 15f0118ce50c1894487d3c82fab5e80a, type: 3}
  m_Name: "O110 - Kost\xFDm"
  m_EditorClassIdentifier: 
  nodes:
  - {fileID: 114675914164114296}
  - {fileID: 114612396259084080}
  - {fileID: 114548464507309858}
  - {fileID: 114211395316786050}
  connections:
  - {fileID: 114113788425108938}
  - {fileID: 114829364394247476}
  i: 4
  corruptionReport: 
--- !u!114 &114113788425108938
MonoBehaviour:
  m_ObjectHideFlags: 0
  m_CorrespondingSourceObject: {fileID: 0}
  m_PrefabInstance: {fileID: 0}
  m_PrefabAsset: {fileID: 0}
  m_GameObject: {fileID: 0}
  m_Enabled: 1
  m_EditorHideFlags: 0
  m_Script: {fileID: 11500000, guid: c83906d02ff79e44a87686bb3e9d622c, type: 3}
  m_Name: "O110 - Kost\xFDm-EP-0 -- O110 - Kost\xFDm-R-1"
  m_EditorClassIdentifier: 
  inPort: {fileID: 114487504103377578}
  outPort: {fileID: 114585550734155148}
--- !u!114 &114211395316786050
MonoBehaviour:
  m_ObjectHideFlags: 0
  m_CorrespondingSourceObject: {fileID: 0}
  m_PrefabInstance: {fileID: 0}
  m_PrefabAsset: {fileID: 0}
  m_GameObject: {fileID: 0}
  m_Enabled: 1
  m_EditorHideFlags: 0
  m_Script: {fileID: 11500000, guid: 9490505d895f3184498c051116fabc63, type: 3}
  m_Name: "O110 - Kost\xFDm-MO-3"
  m_EditorClassIdentifier: 
  uniqueId: "O110 - Kost\xFDm-MO-3"
  nameWithinDialog: MO-3
  parentGraph: {fileID: 11400000}
  inPort: {fileID: 114242604502604832}
  outPorts:
  - {fileID: 114577145178514028}
  - {fileID: 114437640686895610}
  - {fileID: 114799875135433532}
  pointsTo: []
  position: {x: 0, y: 0}
  rect:
    serializedVersion: 2
    x: 549.49976
    y: 774.00964
    width: 300
    height: 275
  isDragged: 0
  isSelected: 0
  nodeNameRect:
    serializedVersion: 2
    x: 15
    y: 10
    width: 180
    height: 30
  corruptionReport: 
  speaker: {fileID: 0}
  replicAudio: {fileID: 0}
  scroll: {x: 0, y: 0}
  currentLang: 0
  translation:
    cs: 
    en: 
  dialogOptions:
  - {fileID: 114756958226768248}
  - {fileID: 114680424846729464}
  - {fileID: 114430969030421708}
  originalStateHash: 0
  i: 3
--- !u!114 &114242604502604832
MonoBehaviour:
  m_ObjectHideFlags: 0
  m_CorrespondingSourceObject: {fileID: 0}
  m_PrefabInstance: {fileID: 0}
  m_PrefabAsset: {fileID: 0}
  m_GameObject: {fileID: 0}
  m_Enabled: 1
  m_EditorHideFlags: 0
  m_Script: {fileID: 11500000, guid: 92897b83d3ac44d4fb3722cc5d2189d2, type: 3}
  m_Name: "O110 - Kost\xFDm-MO-3-inPort"
  m_EditorClassIdentifier: 
  Direction: 0
  attachedToNode: {fileID: 114211395316786050}
  centerInAbsolute: {x: 555.49976, y: 805.00964}
  connections: []
  buttonRectInRelative:
    serializedVersion: 2
    x: 0
    y: 25
    width: 12
    height: 12
--- !u!114 &114430969030421708
MonoBehaviour:
  m_ObjectHideFlags: 0
  m_CorrespondingSourceObject: {fileID: 0}
  m_PrefabInstance: {fileID: 0}
  m_PrefabAsset: {fileID: 0}
  m_GameObject: {fileID: 0}
  m_Enabled: 1
  m_EditorHideFlags: 0
  m_Script: {fileID: 11500000, guid: 389080019c8a889408955a7fcb20050c, type: 3}
  m_Name: "O110 - Kost\xFDm-MO-3-DO2"
  m_EditorClassIdentifier: 
  indexWithinMultiOption: 0
  translation:
    cs: 
    en: 
  currentLang: 0
  isOriginalyActive: 1
  isCurrentlyActive: 1
  isVisited: 0
--- !u!114 &114437640686895610
MonoBehaviour:
  m_ObjectHideFlags: 0
  m_CorrespondingSourceObject: {fileID: 0}
  m_PrefabInstance: {fileID: 0}
  m_PrefabAsset: {fileID: 0}
  m_GameObject: {fileID: 0}
  m_Enabled: 1
  m_EditorHideFlags: 0
  m_Script: {fileID: 11500000, guid: 92897b83d3ac44d4fb3722cc5d2189d2, type: 3}
  m_Name: "O110 - Kost\xFDm-MO-3-outPort1"
  m_EditorClassIdentifier: 
  Direction: 1
  attachedToNode: {fileID: 114211395316786050}
  centerInAbsolute: {x: 843.49976, y: 936.80164}
  connections: []
  buttonRectInRelative:
    serializedVersion: 2
    x: 288
    y: 156.79199
    width: 12
    height: 12
--- !u!114 &114487504103377578
MonoBehaviour:
  m_ObjectHideFlags: 0
  m_CorrespondingSourceObject: {fileID: 0}
  m_PrefabInstance: {fileID: 0}
  m_PrefabAsset: {fileID: 0}
  m_GameObject: {fileID: 0}
  m_Enabled: 1
  m_EditorHideFlags: 0
  m_Script: {fileID: 11500000, guid: 92897b83d3ac44d4fb3722cc5d2189d2, type: 3}
  m_Name: "O110 - Kost\xFDm-EP-0-outPort"
  m_EditorClassIdentifier: 
  Direction: 1
  attachedToNode: {fileID: 114675914164114296}
  centerInAbsolute: {x: 226.3, y: 181}
  connections:
  - {fileID: 114113788425108938}
  buttonRectInRelative:
    serializedVersion: 2
    x: 168
    y: 25
    width: 12
    height: 12
--- !u!114 &114542216925658866
MonoBehaviour:
  m_ObjectHideFlags: 0
  m_CorrespondingSourceObject: {fileID: 0}
  m_PrefabInstance: {fileID: 0}
  m_PrefabAsset: {fileID: 0}
  m_GameObject: {fileID: 0}
  m_Enabled: 1
  m_EditorHideFlags: 0
  m_Script: {fileID: 11500000, guid: 92897b83d3ac44d4fb3722cc5d2189d2, type: 3}
  m_Name: "O110 - Kost\xFDm-R-1-outPort"
  m_EditorClassIdentifier: 
  Direction: 1
  attachedToNode: {fileID: 114612396259084080}
  centerInAbsolute: {x: 561.39996, y: 189.69998}
  connections:
  - {fileID: 114829364394247476}
  buttonRectInRelative:
    serializedVersion: 2
    x: 238
    y: 25
    width: 12
    height: 12
--- !u!114 &114548464507309858
MonoBehaviour:
  m_ObjectHideFlags: 0
  m_CorrespondingSourceObject: {fileID: 0}
  m_PrefabInstance: {fileID: 0}
  m_PrefabAsset: {fileID: 0}
  m_GameObject: {fileID: 0}
  m_Enabled: 1
  m_EditorHideFlags: 0
  m_Script: {fileID: 11500000, guid: 5ab8e39e5de1e8146b9d50b8568d7681, type: 3}
  m_Name: "O110 - Kost\xFDm-T-2"
  m_EditorClassIdentifier: 
  uniqueId: "O110 - Kost\xFDm-T-2"
  nameWithinDialog: T-2
  parentGraph: {fileID: 11400000}
  inPort: {fileID: 114778698057906572}
  outPorts:
  - {fileID: 114693978727356954}
  pointsTo: []
  position: {x: 0, y: 0}
  rect:
    serializedVersion: 2
    x: 677.3499
    y: 211.59998
    width: 300
    height: 425
  isDragged: 0
  isSelected: 1
  nodeNameRect:
    serializedVersion: 2
    x: 15
    y: 10
    width: 180
    height: 30
  corruptionReport: 
  triggers:
  - {fileID: 114975647775408472}
  - {fileID: 114781335304950928}
  - {fileID: 114570846954757326}
  - {fileID: 114817992391334170}
  triggerMultiOptionIndex: 0
--- !u!114 &114570846954757326
MonoBehaviour:
  m_ObjectHideFlags: 0
  m_CorrespondingSourceObject: {fileID: 0}
  m_PrefabInstance: {fileID: 0}
  m_PrefabAsset: {fileID: 0}
  m_GameObject: {fileID: 0}
  m_Enabled: 1
  m_EditorHideFlags: 0
  m_Script: {fileID: 11500000, guid: 20b5064632769b640943e81336d488d2, type: 3}
  m_Name: "O110 - Kost\xFDm-T-2-T"
  m_EditorClassIdentifier: 
  type: {fileID: 11400000, guid: 5c8b32a933975b941930ef9744d6264a, type: 2}
  variable: {fileID: 11400000, guid: f363e4182818e8a4482af25558a30cbe, type: 2}
  intParam: -1
  entryPoint: {fileID: 0}
  stringParam: 
  boolParam: 1
  character: {fileID: 0}
  floatParam: 0
  stringOptions: []
--- !u!114 &114577145178514028
MonoBehaviour:
  m_ObjectHideFlags: 0
  m_CorrespondingSourceObject: {fileID: 0}
  m_PrefabInstance: {fileID: 0}
  m_PrefabAsset: {fileID: 0}
  m_GameObject: {fileID: 0}
  m_Enabled: 1
  m_EditorHideFlags: 0
  m_Script: {fileID: 11500000, guid: 92897b83d3ac44d4fb3722cc5d2189d2, type: 3}
  m_Name: "O110 - Kost\xFDm-MO-3-outPort0"
  m_EditorClassIdentifier: 
  Direction: 1
  attachedToNode: {fileID: 114211395316786050}
  centerInAbsolute: {x: 843.49976, y: 912.80164}
  connections: []
  buttonRectInRelative:
    serializedVersion: 2
    x: 288
    y: 132.79199
    width: 12
    height: 12
--- !u!114 &114585550734155148
MonoBehaviour:
  m_ObjectHideFlags: 0
  m_CorrespondingSourceObject: {fileID: 0}
  m_PrefabInstance: {fileID: 0}
  m_PrefabAsset: {fileID: 0}
  m_GameObject: {fileID: 0}
  m_Enabled: 1
  m_EditorHideFlags: 0
  m_Script: {fileID: 11500000, guid: 92897b83d3ac44d4fb3722cc5d2189d2, type: 3}
  m_Name: "O110 - Kost\xFDm-R-1-inPort"
  m_EditorClassIdentifier: 
  Direction: 0
  attachedToNode: {fileID: 114612396259084080}
  centerInAbsolute: {x: 323.39996, y: 189.69998}
  connections:
  - {fileID: 114113788425108938}
  buttonRectInRelative:
    serializedVersion: 2
    x: 0
    y: 25
    width: 12
    height: 12
--- !u!114 &114612396259084080
MonoBehaviour:
  m_ObjectHideFlags: 0
  m_CorrespondingSourceObject: {fileID: 0}
  m_PrefabInstance: {fileID: 0}
  m_PrefabAsset: {fileID: 0}
  m_GameObject: {fileID: 0}
  m_Enabled: 1
  m_EditorHideFlags: 0
  m_Script: {fileID: 11500000, guid: a369827a53a8b544fac030b468de9f7b, type: 3}
  m_Name: "O110 - Kost\xFDm-R-1"
  m_EditorClassIdentifier: 
  uniqueId: "O110 - Kost\xFDm-R-1"
  nameWithinDialog: R-1
  parentGraph: {fileID: 11400000}
  inPort: {fileID: 114585550734155148}
  outPorts:
  - {fileID: 114542216925658866}
  pointsTo: []
  position: {x: 0, y: 0}
  rect:
    serializedVersion: 2
    x: 317.39996
    y: 158.69998
    width: 250
    height: 150
  isDragged: 0
  isSelected: 1
  nodeNameRect:
    serializedVersion: 2
    x: 15
    y: 10
    width: 146
    height: 30
  corruptionReport: 
  speaker: {fileID: 11400000, guid: bd4269cbd9a00b64fa93d3034e3bb339, type: 2}
  replicAudio: {fileID: 0}
  scroll: {x: 0, y: 0}
  currentLang: 0
  translation:
    cs: "M\u016Fj klaunsk\xFD kost\xFDm je je\u0161t\u011B st\xE1le mokr\xFD. M\u011Bl
      bych naj\xEDt zp\u016Fsob, jak ho usu\u0161it."
    en: 
--- !u!114 &114675914164114296
MonoBehaviour:
  m_ObjectHideFlags: 0
  m_CorrespondingSourceObject: {fileID: 0}
  m_PrefabInstance: {fileID: 0}
  m_PrefabAsset: {fileID: 0}
  m_GameObject: {fileID: 0}
  m_Enabled: 1
  m_EditorHideFlags: 0
  m_Script: {fileID: 11500000, guid: d687dbdf673d5ab4391e7faf19ac9f58, type: 3}
  m_Name: "O110 - Kost\xFDm-EP-0"
  m_EditorClassIdentifier: 
  uniqueId: "O110 - Kost\xFDm-EP-0"
  nameWithinDialog: EP-0
  parentGraph: {fileID: 11400000}
  inPort: {fileID: 0}
  outPorts:
  - {fileID: 114487504103377578}
  pointsTo: []
  position: {x: 0, y: 0}
  rect:
    serializedVersion: 2
    x: 52.300003
    y: 150
    width: 180
    height: 100
  isDragged: 0
  isSelected: 0
  nodeNameRect:
    serializedVersion: 2
    x: 15
    y: 10
    width: 100
    height: 30
  corruptionReport: 
  note: 
--- !u!114 &114680424846729464
MonoBehaviour:
  m_ObjectHideFlags: 0
  m_CorrespondingSourceObject: {fileID: 0}
  m_PrefabInstance: {fileID: 0}
  m_PrefabAsset: {fileID: 0}
  m_GameObject: {fileID: 0}
  m_Enabled: 1
  m_EditorHideFlags: 0
  m_Script: {fileID: 11500000, guid: 389080019c8a889408955a7fcb20050c, type: 3}
  m_Name: "O110 - Kost\xFDm-MO-3-DO1"
  m_EditorClassIdentifier: 
  indexWithinMultiOption: 1
  translation:
    cs: 
    en: 
  currentLang: 0
  isOriginalyActive: 1
  isCurrentlyActive: 1
  isVisited: 0
--- !u!114 &114693978727356954
MonoBehaviour:
  m_ObjectHideFlags: 0
  m_CorrespondingSourceObject: {fileID: 0}
  m_PrefabInstance: {fileID: 0}
  m_PrefabAsset: {fileID: 0}
  m_GameObject: {fileID: 0}
  m_Enabled: 1
  m_EditorHideFlags: 0
  m_Script: {fileID: 11500000, guid: 92897b83d3ac44d4fb3722cc5d2189d2, type: 3}
  m_Name: "O110 - Kost\xFDm-T-2-outPort"
  m_EditorClassIdentifier: 
  Direction: 1
  attachedToNode: {fileID: 114548464507309858}
  centerInAbsolute: {x: 971.3499, y: 242.59998}
  connections: []
  buttonRectInRelative:
    serializedVersion: 2
    x: 288
    y: 25
    width: 12
    height: 12
--- !u!114 &114756958226768248
MonoBehaviour:
  m_ObjectHideFlags: 0
  m_CorrespondingSourceObject: {fileID: 0}
  m_PrefabInstance: {fileID: 0}
  m_PrefabAsset: {fileID: 0}
  m_GameObject: {fileID: 0}
  m_Enabled: 1
  m_EditorHideFlags: 0
  m_Script: {fileID: 11500000, guid: 389080019c8a889408955a7fcb20050c, type: 3}
  m_Name: "O110 - Kost\xFDm-MO-3-DO0"
  m_EditorClassIdentifier: 
  indexWithinMultiOption: 0
  translation:
    cs: 
    en: 
  currentLang: 0
  isOriginalyActive: 1
  isCurrentlyActive: 1
  isVisited: 0
--- !u!114 &114778698057906572
MonoBehaviour:
  m_ObjectHideFlags: 0
  m_CorrespondingSourceObject: {fileID: 0}
  m_PrefabInstance: {fileID: 0}
  m_PrefabAsset: {fileID: 0}
  m_GameObject: {fileID: 0}
  m_Enabled: 1
  m_EditorHideFlags: 0
  m_Script: {fileID: 11500000, guid: 92897b83d3ac44d4fb3722cc5d2189d2, type: 3}
  m_Name: "O110 - Kost\xFDm-T-2-inPort"
  m_EditorClassIdentifier: 
  Direction: 0
  attachedToNode: {fileID: 114548464507309858}
  centerInAbsolute: {x: 683.3499, y: 242.59998}
  connections:
  - {fileID: 114829364394247476}
  buttonRectInRelative:
    serializedVersion: 2
    x: 0
    y: 25
    width: 12
    height: 12
--- !u!114 &114781335304950928
MonoBehaviour:
  m_ObjectHideFlags: 0
  m_CorrespondingSourceObject: {fileID: 0}
  m_PrefabInstance: {fileID: 0}
  m_PrefabAsset: {fileID: 0}
  m_GameObject: {fileID: 0}
  m_Enabled: 1
  m_EditorHideFlags: 0
  m_Script: {fileID: 11500000, guid: 20b5064632769b640943e81336d488d2, type: 3}
  m_Name: "O110 - Kost\xFDm-T-2-T"
  m_EditorClassIdentifier: 
  type: {fileID: 11400000, guid: 53fecbc1400a4d947a9e395c1e20a4a7, type: 2}
  variable: {fileID: 11400000, guid: fead3727fdd82b14c8467e3bf2cb6219, type: 2}
  intParam: -1
  entryPoint: {fileID: 0}
  stringParam: 
  boolParam: 0
  character: {fileID: 0}
  floatParam: 0
  stringOptions: []
--- !u!114 &114799875135433532
MonoBehaviour:
  m_ObjectHideFlags: 0
  m_CorrespondingSourceObject: {fileID: 0}
  m_PrefabInstance: {fileID: 0}
  m_PrefabAsset: {fileID: 0}
  m_GameObject: {fileID: 0}
  m_Enabled: 1
  m_EditorHideFlags: 0
  m_Script: {fileID: 11500000, guid: 92897b83d3ac44d4fb3722cc5d2189d2, type: 3}
  m_Name: "O110 - Kost\xFDm-MO-3-outPort2"
  m_EditorClassIdentifier: 
  Direction: 1
  attachedToNode: {fileID: 114211395316786050}
  centerInAbsolute: {x: 0, y: 0}
  connections: []
  buttonRectInRelative:
    serializedVersion: 2
    x: 288
    y: 25
    width: 12
    height: 12
--- !u!114 &114817992391334170
MonoBehaviour:
  m_ObjectHideFlags: 0
  m_CorrespondingSourceObject: {fileID: 0}
  m_PrefabInstance: {fileID: 0}
  m_PrefabAsset: {fileID: 0}
  m_GameObject: {fileID: 0}
  m_Enabled: 1
  m_EditorHideFlags: 0
  m_Script: {fileID: 11500000, guid: 20b5064632769b640943e81336d488d2, type: 3}
  m_Name: "O110 - Kost\xFDm-T-2-T"
  m_EditorClassIdentifier: 
  type: {fileID: 11400000, guid: bfda5331eb74a044bb256235983ddd8a, type: 2}
  variable: {fileID: 11400000, guid: f363e4182818e8a4482af25558a30cbe, type: 2}
  intParam: -1
  entryPoint: {fileID: 0}
  stringParam: 
  boolParam: 1
  character: {fileID: 0}
  floatParam: 0
  stringOptions: []
--- !u!114 &114829364394247476
MonoBehaviour:
  m_ObjectHideFlags: 0
  m_CorrespondingSourceObject: {fileID: 0}
  m_PrefabInstance: {fileID: 0}
  m_PrefabAsset: {fileID: 0}
  m_GameObject: {fileID: 0}
  m_Enabled: 1
  m_EditorHideFlags: 0
  m_Script: {fileID: 11500000, guid: c83906d02ff79e44a87686bb3e9d622c, type: 3}
  m_Name: "O110 - Kost\xFDm-R-1 -- O110 - Kost\xFDm-T-2"
  m_EditorClassIdentifier: 
  inPort: {fileID: 114542216925658866}
  outPort: {fileID: 114778698057906572}
--- !u!114 &114975647775408472
MonoBehaviour:
  m_ObjectHideFlags: 0
  m_CorrespondingSourceObject: {fileID: 0}
  m_PrefabInstance: {fileID: 0}
  m_PrefabAsset: {fileID: 0}
  m_GameObject: {fileID: 0}
  m_Enabled: 1
  m_EditorHideFlags: 0
  m_Script: {fileID: 11500000, guid: 20b5064632769b640943e81336d488d2, type: 3}
  m_Name: "O110 - Kost\xFDm-T-2-T"
  m_EditorClassIdentifier: 
  type: {fileID: 11400000, guid: ac22e1bb95f716e409b7dbe7c83827df, type: 2}
  variable: {fileID: 11400000, guid: 9fe2bfda7b756164cb56b1eb1205e66c, type: 2}
  intParam: -1
  entryPoint: {fileID: 0}
  stringParam: 
  boolParam: 0
  character: {fileID: 0}
  floatParam: 0
  stringOptions: []
